AoeStats
← Chris Becker

Arena

510139231Analyzed
4v4 RM · 3d ago on Sep 29, 2026· 57m 56s· 8 players
Game mode
Random Map
Map size
Large (8 player)
Population
200
Speed
Normal
Resources
Standard
Victory
Conquest
Starting age
Dark Age
Ending age
Imperial Age
RankedLock teamsTeams togetherTeam positionsShared explorationLock speedFull tech treeHidden civsTurbo modeCheats
Victory
Defeat
🇳🇴 Persians · Norway
1499
+11
🇨🇳 Slavs · China
1429
+13
🇬🇷 Bohemians · Greece
1359
+16
🇩🇪 Danes · Germany
1341
+17
🇩🇪 Hindustanis · Germany
1530
-20
🇫🇷 Cumans · France
1515
-20
🇲🇾 Celts · Malaysia
1260
-10
🇨🇴 Britons · Colombia
1178
-7
Zzulu
10:59 Feudal Age
14:54 Castle Age
13:00 Horse Collar
13:26 Double-Bit Axe
16:26 Bow Saw
26:37 Wheelbarrow
25:48 Loom
29:13 Imperial Age
27:59 Chemistry
27:23 Scale Mail Armor
27:35 Forging
27:25 Padded Archer Armor
27:30 Town Watch
28:25 Fletching
29:00 Hand Cart
29:41 Chain Mail Armor
29:49 Ballistics
29:15 Houfnice
30:14 Leather Archer Armor
29:22 Elite Skirmisher
30:10 Bodkin Arrow
30:38 Siege Engineers
31:50 Pikeman
32:30 Squires
33:03 Ring Archer Armor
32:33 Bracer
32:49 Chain Mail Armor
33:09 Iron Casting
32:26 Halberdier
40:06 Plate Mail Armor
40:36 Blast Furnace
41:43 Masonry
45:17 Architecture
48:22 Wagenburg Tactics
48:37 Conscription
Sasha The Bunny
11:11 Feudal Age
14:34 Castle Age
12:29 Horse Collar
12:49 Double-Bit Axe
15:25 Heavy Plow
18:37 Bow Saw
20:25 Wheelbarrow
19:35 Town Watch
20:04 Loom
20:50 Stone Mining
22:07 Stone Shaft Mining
21:26 Gold Mining
22:07 Scale Barding Armor
22:12 Forging
23:40 Scale Mail Armor
24:35 Gold Shaft Mining
24:42 Hand Cart
25:39 Chain Barding Armor
26:34 Iron Casting
26:51 Fervor
27:19 Bloodlines
27:09 Husbandry
27:02 Fletching
28:42 Kamandaran
30:08 Chain Mail Armor
33:05 Imperial Age
31:47 Bodkin Arrow
31:29 Crossbowman
32:14 Thumb Ring
32:32 Ballistics
33:02 Masonry
33:50 Conscription
34:23 Plate Barding Armor
34:49 Blast Furnace
33:57 Elite War Elephant
34:51 Padded Archer Armor
35:53 Chemistry
36:57 Hoardings
41:01 Architecture
42:46 Guilds
49:29 Caravan
Ryzeres
10:24 Feudal Age
15:08 Castle Age
12:55 Loom
13:43 Stone Mining
14:03 Double-Bit Axe
15:23 Horse Collar
23:11 Arson
23:59 Scale Mail Armor
24:41 Town Watch
25:39 Chain Mail Armor
27:40 Squires
28:36 Forging
29:36 Heavy Plow
30:24 Wheelbarrow
30:23 Gold Mining
32:22 Bow Saw
32:53 Hand Cart
33:04 Pikeman
33:30 Gambesons
38:26 Imperial Age
40:25 Imperial Age
41:55 Plate Mail Armor
42:01 Iron Casting
41:01 Onager
41:31 Halberdier
45:24 Blast Furnace
44:35 Siege Engineers
45:32 Chemistry
44:46 Masonry
49:03 Siege Onager
51:22 Northmen's Fury
52:40 Hoardings
56:47 Conscription
57:19 Caravan
很蓝的啦
10:25 Feudal Age
11:31 Double-Bit Axe
14:35 Castle Age
12:27 Horse Collar
15:28 Heavy Plow
15:44 Bow Saw
20:52 Stone Mining
20:53 Gold Mining
21:49 Town Watch
22:06 Loom
23:38 Gold Shaft Mining
23:25 Scale Mail Armor
24:32 Wheelbarrow
25:06 Chain Mail Armor
24:53 Squires
24:25 Pikeman
29:31 Imperial Age
27:50 Hand Cart
27:35 Town Patrol
27:21 Man-at-Arms
28:41 Forging
29:52 Herbal Medicine
30:44 Iron Casting
29:38 Long Swordsman
30:17 Halberdier
30:59 Druzhina
31:19 Conscription
30:33 Capped Ram
31:49 Plate Mail Armor
31:25 Two-Handed Swordsman
33:14 Blast Furnace
32:55 Detinets
32:23 Champion
33:51 Crop Rotation
34:24 Siege Ram
40:49 Scale Barding Armor
41:32 Elite Boyar
47:07 Chain Barding Armor
48:10 Caravan
48:41 Coinage
50:26 Banking
52:37 Bloodlines
52:28 Husbandry
52:49 Light Cavalry
54:41 Plate Barding Armor
Chris Becker
10:47 Feudal Age
14:48 Castle Age
12:49 Horse Collar
12:57 Double-Bit Axe
17:44 Scale Barding Armor
21:14 Wheelbarrow
21:18 Bow Saw
24:48 Hand Cart
29:10 Imperial Age
26:28 Loom
27:31 Chain Barding Armor
27:21 Forging
28:37 Heavy Plow
29:28 Bloodlines
30:10 Gold Mining
30:33 Husbandry
31:04 Heavy Camel Rider
33:58 Plate Barding Armor
36:49 Iron Casting
38:14 Chemistry
38:22 Two-Man Saw
37:58 Conscription
38:44 Shatagni
39:46 Imperial Camel Rider
41:26 Light Cavalry
43:10 Gold Shaft Mining
45:14 Grand Trunk Road
48:06 Padded Archer Armor
49:01 Caravan
50:11 Siege Engineers
50:18 Fortified Wall
50:19 Masonry
50:30 Hussar
51:29 Leather Archer Armor
55:58 Blast Furnace
長安
10:37 Feudal Age
11:54 Horse Collar
14:28 Castle Age
12:34 Double-Bit Axe
15:43 Bow Saw
21:02 Loom
22:48 Wheelbarrow
24:21 Gold Mining
24:33 Heavy Plow
27:58 Imperial Age
25:37 Stone Mining
27:42 Gold Shaft Mining
28:48 Ballistics
29:49 Chemistry
29:13 Hand Cart
28:43 Town Watch
32:14 Heavy Scorpion
33:49 Siege Engineers
36:42 Furor Celtica
38:28 Capped Ram
40:20 Fletching
40:44 Siege Ram
41:26 Scale Mail Armor
42:26 Bodkin Arrow
43:19 Forging
43:32 Chain Mail Armor
43:30 Pikeman
45:15 Iron Casting
45:01 Arson
45:48 Plate Mail Armor
44:55 Halberdier
47:18 Conscription
46:52 Stronghold
55:51 Blast Furnace
Titi
4:37 Loom
8:01 Feudal Age
8:34 Double-Bit Axe
10:50 Horse Collar
14:44 Wheelbarrow
19:24 Castle Age
18:27 Scale Barding Armor
19:01 Forging
20:39 Bow Saw
20:51 Hand Cart
20:38 Heavy Plow
20:24 Town Watch
21:05 Bloodlines
23:25 Town Patrol
23:37 Fletching
25:29 Gold Mining
28:14 Imperial Age
26:18 Chain Barding Armor
26:48 Iron Casting
27:19 Gold Shaft Mining
29:22 Conscription
28:30 Elite Steppe Lancer
29:57 Plate Barding Armor
30:23 Blast Furnace
30:16 Steppe Husbandry
30:50 Crop Rotation
35:27 Guilds
38:30 Two-Man Saw
38:06 Capped Ram
39:51 Hoardings
41:12 Coinage
41:43 Stone Mining
41:37 Light Cavalry
44:07 Banking
44:39 Hussar
51:52 Fletching
52:02 Padded Archer Armor
52:30 Ballistics
53:20 Chemistry
52:57 Elite Kipchak
53:57 Bodkin Arrow
54:18 Leather Archer Armor
55:24 Chemistry
55:13 Masonry
55:56 Cuman Mercenaries
Elfelo
10:34 Feudal Age
11:49 Loom
14:52 Castle Age
13:48 Double-Bit Axe
13:47 Horse Collar
23:46 Bow Saw
24:16 Wheelbarrow
23:52 Gold Mining
24:37 Heavy Plow
28:32 Imperial Age
25:57 Fletching
26:07 Padded Archer Armor
25:50 Treadmill Crane
26:37 Padded Archer Armor
26:27 Town Watch
26:44 Bodkin Arrow
28:49 Gold Shaft Mining
28:24 Town Patrol
29:10 Ballistics
29:26 Leather Archer Armor
30:15 Chemistry
29:39 Conscription
30:59 Two-Man Saw
31:42 Yeomen
31:27 Elite Skirmisher
31:51 Onager
33:45 Bracer
34:18 Ring Archer Armor
34:04 Elite Longbowman
35:47 Hand Cart
36:39 Fortified Wall
36:39 Masonry
41:36 Stone Mining
42:19 Crossbowman
43:30 Caravan
45:17 Warwolf
46:23 Arbalester
47:20 Arbalester
51:18 Siege Engineers
51:44 Architecture
51:25 Careening
53:29 Hoardings
Connection lost

Rejoining the realm…

Still unreachable

The connection could not be restored.

Session expired

The server has moved on; the page needs a fresh start.